[Event "*** Titled Tuesday Blitz"]
[Site "Chess.com"]
[Date "2019.06.04"]
[Round "7"]
[White "XiaoKangZhong"]
[Black "GameOverBro"]
[Result "0-1"]
[WhiteElo "2292"]
[BlackElo "2451"]
[TimeControl "180+2"]
[EndTime "14:34:40 PDT"]
[Termination "GameOverBro won by checkmate"]

1. e4 g6 2. Nc3 Bg7 3. d4 c5 4. Nf3 cxd4 5. Nxd4 d6 6. Be3 Nf6 7. f3 Nc6 8. Qd2 Nxd4 9. Bxd4 Be6 10.
Bb5+ Kf8 11. O-O h5 12. Nd5 Bxd5 13. exd5 Bh6 14. Qd3 a6 15. Bc4 b5 16. Bb3 h4 17.
Kh1 Bf4 18. a4 b4 19. a5 Qc8 20. Bxf6 exf6 21. Qd4 Be5 22. Qxb4 g5 23. Rae1 Qf5 24. Qb7 Kg7 25. Re4 Bxb2 26. Ba4 Be5 27. Bc6 Rhb8 28.
Qxa8 Rxa8 29. Bxa8 Qc8 30. Bc6 f5 31. Ra4 Qb8 32.
Re1 Qb2 33. Rc4 Kf6 34. Rd1 Qa2 35. Rb4 Qxc2 36. Rbb1 Qa2 37. Kg1 Qxa5 38. h3 Qc5+ 39. Kh1 a5 40. Rd2 Qc4 41. Rdd1 Qf4 42. g3 Qxf3+ 43.
Kg1 Qxg3+ 44. Kf1 Qxh3+ 45. Ke2 Qg4+ 46. Kd3 Qd4+ 47. Kc2 Qc3# 0-1

[Event "*** Titled Tuesday Blitz"]
[Site "Chess.com"]
[Date "2019.06.04"]
[Round "7"]
[White "fastestmindalive"]
[Black "Fighter008"]
[Result "1-0"]
[WhiteElo "2801"]
[BlackElo "2647"]
[TimeControl "180+2"]
[EndTime "14:34:41 PDT"]
[Termination "fastestmindalive won by resignation"]

1. e4 c5 2. Nc3 a6 3. f4 b5 4.
Nf3 Bb7 5. d3 e6 6. g3 b4 7. Ne2 d5 8. Bg2 Nf6 9. e5 Ng8 10. O-O Ne7 11. Be3 Nf5 12. Bf2 h5 13.
h3 Be7 14. a3 a5 15. axb4 axb4 16. Rxa8 Bxa8 17. c3 Nc6 18. Qa4 O-O 19. Qb5 Qb8 20. Qa4 Qc7 21. Rc1 bxc3 22. bxc3 Rb8 23. Qc2 Qa5 24. Rb1 Rxb1+ 25. Qxb1 Qa6 26. Kh2 c4 27. d4 Qb7 28. Qa1 g6 29. g4 hxg4 30. hxg4 Nh6 31. Bh3 Qa7 32. Qb2 Qb7 33. Qd2 Kg7 34.
Be3 Ng8 35. f5 exf5 36. gxf5 gxf5 37. Ng3 Kf8 38. Nxf5 Qc7 39. Qg2 Nf6 40. Qg7+ Ke8 41. Qh8+ Kd7 42. Ng7+ 1-0

[Event "*** Titled Tuesday Blitz"]
[Site "Chess.com"]
[Date "2019.06.04"]
[Round "7"]
[White "witcher8"]
[Black "matiss90"]
[Result "1-0"]
[WhiteElo "2394"]
[BlackElo "2439"]
[TimeControl "180+2"]
[EndTime "14:34:44 PDT"]
[Termination "witcher8 won by checkmate"]

1. e4 c5 2. Nf3 d6 3. d4 cxd4 4. Nxd4 Nf6 5. Nc3 g6 6. Be3 Bg7 7. f3 O-O 8. Qd2 Nc6 9. O-O-O d5 10. Nxc6 bxc6 11. Bh6 Rb8 12. Bxg7 Kxg7 13. exd5 cxd5 14.
Nxd5 Nxd5 15. Qxd5 Qc7 16. Qc4 Qa5 17. Qd4+ e5 18.
Qd5 Qc7 19. Qd6 Qxd6 20. Rxd6 Be6 21. Ra6 Rb7 22. Bd3 Rfb8 23. b3 Rc7 24. c4 Rd8 25.
Bc2 Bf5 26. Rd1 Re8 27. Bxf5 gxf5 28. Rd5 f6 29. Kd2 Kg6 30. Ke3 f4+ 31. Ke4 Ree7 32. c5 Kg5 33. h4+ Kxh4 34. Rxf6 Kg3 35. Rd2 Rxc5 36.
Rh6 Rc3 37. Rh3# 1-0

[Event "*** Titled Tuesday Blitz"]
[Site "Chess.com"]
[Date "2019.06.04"]
[Round "7"]
[White "slowdumbb"]
[Black "nocnypako"]
[Result "0-1"]
[WhiteElo "2430"]
[BlackElo "2559"]
[TimeControl "180+2"]
[EndTime "14:34:46 PDT"]
[Termination "nocnypako won by resignation"]

1. g3 g6 2. Bg2 Bg7 3. Nf3 Nf6 4. O-O O-O 5. d4 d5 6. c3 Bf5 7. Re1 Qc8 8. Ne5 Nbd7 9. Bf4 c6 10. Nd2 Nxe5 11. Bxe5 Bh3 12. Bh1 Qd7 13. Bxf6 Bxf6 14. e4 Bg7 15. Qb3 e6 16. e5 Qe7 17. Qd1 h5 18. f4 c5 19. Nb3 b6 20. Qe2 Rac8 21.
Bf3 Rc7 22. c4 dxc4 23. Qxc4 cxd4 24. Qxd4 Rd8 25. Qf2 Bf8 26. Rac1 Rdc8 27. Rxc7 Rxc7 28. Rd1 Qb4 29. Qd4 Qxd4+ 30. Rxd4 Rc2 31. Rd2 Rc4 32. Kf2 a5 33. Be2 Rb4 34. Ke3 a4 35. Nd4 Bc5 36. a3 Rb3+ 37. Bd3 Bf5 38. h3 b5 39. g4 hxg4 40. hxg4 Bxd3 41. Rxd3 Rxb2 42. Ke4 b4 43. f5 bxa3 44. f6 Rb4 0-1

[Event "*** Titled Tuesday Blitz"]
[Site "Chess.com"]
[Date "2019.06.04"]
[Round "7"]
[White "attack2mateU"]
[Black "Saitama_Hero"]
[Result "1-0"]
[WhiteElo "2698"]
[BlackElo "2440"]
[TimeControl "180+2"]
[EndTime "14:34:47 PDT"]
[Termination "attack2mateU won on time"]

1. e4 c5 2. Nf3 g6 3. d4 cxd4 4. Nxd4 Bg7 5. Nc3 Nc6 6. Be3 Nf6 7. Bc4 O-O 8. Bb3 d6 9. f3 Nd7 10. Qd2 Nb6 11. Nd5 Nxd5 12. exd5 Nxd4 13. Bxd4 Bxd4 14.
Qxd4 b5 15. h4 a5 16. a4 Bd7 17. h5 bxa4 18. Qh4 e6 19. Bxa4 Bxa4 20. Rxa4 g5 21.
Qd4 exd5 22. Qxd5 Qf6 23. O-O h6 24. Rd4 Rad8 25. f4 g4 26. f5 Qg5 27. f6 Qe3+ 28.
Kh1 Rfe8 29. Rxg4+ Kh8 30. Qxf7 Rg8 31. Rg6 Rxg6 32. hxg6 1-0

[Event "*** Titled Tuesday Blitz"]
[Site "Chess.com"]
[Date "2019.06.04"]
[Round "7"]
[White "51616516516"]
[Black "IMDT02"]
[Result "0-1"]
[WhiteElo "2315"]
[BlackElo "2472"]
[TimeControl "180+2"]
[EndTime "14:34:49 PDT"]
[Termination "IMDT02 won on time"]

1. d4 f5 2. g3 Nf6 3. Bg2 e6 4. Nf3 d5 5. c4 c6 6. O-O Bd6 7. Nc3 O-O 8. Qc2 Qe7 9. Rb1 Ne4 10. Bf4 a6 11. c5 Bxf4 12. gxf4 Bd7 13. Ne5 Be8 14.
f3 Nf6 15. e4 Nh5 16. Ne2 Qh4 17. Qd2 Nd7 18. b4 Rd8 19. Qe1 Qe7 20. a4 Ndf6 21. Qh4 dxe4 22. fxe4 Qc7 23. d5 cxd5 24. Nd4 Qc8 25. exf5 exf5 26. Bh3 g6 27. Qg5 Ng7 28. Kf2 Ne4+ 29. Ke3 Nxg5 30. fxg5 Ne6 31. Nxe6 Qxe6 32.
Kd4 Qe7 33. Rg1 Bxa4 34. Rbe1 Qg7 35. Bg2 Rfe8 36. h4 Re7 37. Re3 f4 38. Re2 Bb5 0-1

[Event "*** Titled Tuesday Blitz"]
[Site "Chess.com"]
[Date "2019.06.04"]
[Round "7"]
[White "MarcoRiehle"]
[Black "VeraNebolsina"]
[Result "1-0"]
[WhiteElo "2527"]
[BlackElo "2368"]
[TimeControl "180+2"]
[EndTime "14:34:50 PDT"]
[Termination "MarcoRiehle won by resignation"]

1. e4 g6 2. d4 Bg7 3. c4 d6 4. Nc3 Nf6 5. f3 O-O 6. Be3 e5 7. d5 a5 8. Qd2 Na6 9. O-O-O Nd7 10. g4 Ndc5 11. h4 a4 12. h5 Nb4 13. Kb1 Bd7 14. Nh3 f6 15. hxg6 hxg6 16. Be2 Kf7 17. f4 Rh8 18. f5 Rh4 19. Bf2 Rh7 20. Ng5+ fxg5 21. Rxh7 gxf5 22. gxf5 Nxe4 23. Nxe4 Bxf5 24. Rxg7+ Kxg7 25.
Qxb4 Bxe4+ 26. Ka1 Qf6 27. Be3 Rh8 28. Qxb7 Qe7 29.
Rg1 Rh1 30. Rxh1 Bxh1 31. Qc8 Be4 32. Qg4 Bg6 33. Qxg5 Qf7 34. Bd3 e4 35. Bxe4 Qf1+ 36. Bc1 Qxc4 37. Qxg6+ Kf8 38. Bh6+ Ke7 39. Qe6+ 1-0

[Event "*** Titled Tuesday Blitz"]
[Site "Chess.com"]
[Date "2019.06.04"]
[Round "7"]
[White "chesstatour"]
[Black "savinspm"]
[Result "1-0"]
[WhiteElo "2034"]
[BlackElo "2021"]
[TimeControl "180+2"]
[EndTime "14:34:50 PDT"]
[Termination "chesstatour won by resignation"]

1. c4 c5 2. Nf3 Nc6 3. Nc3 Nf6 4. d4 cxd4 5. Nxd4 g6 6. g3 Bg7 7. Bg2 O-O 8. Nc2 d6 9. O-O Be6 10. Nd5 Bd7 11. Rb1 Na5 12. b3 Rb8 13. Rb2 Nxd5 14. cxd5 Bxb2 15. Bxb2 f6 16. Qd4 b6 17. g4 Qc7 18. Ne3 Qc5 19. Qe4 Rf7 20. b4 Qb5 21. a4 Qxe2 22. Bc3 Nb7 23. h4 Rc8 24. Qd4 Bxa4 25. Re1 Qa2 26. Ra1 Qb3 27. Bd2 b5 28. Kh2 a6 29. h5 a5 30. hxg6 hxg6 31. bxa5 Kg7 32. a6 Nc5 33. Rh1 Rh8+ 34. Kg3 Rxh1 35. Bxh1 Nxa6 36. g5 Nc5 37. Bf3 Qd3 38. gxf6+ exf6 39. Qg4 Re7 40. Bc1 Ne4+ 41. Kg2 f5 42. Nxf5+ Kf7 43. Nxe7 Kxe7 44. Qxe4+ Qxe4 45. Bxe4 Kf6 46. Bb2+ Kf7 47. Kf3 Bd1+ 48. Kf4 1-0

[Event "*** Titled Tuesday Blitz"]
[Site "Chess.com"]
[Date "2019.06.04"]
[Round "7"]
[White "Zubrrr"]
[Black "mishanick"]
[Result "1-0"]
[WhiteElo "2734"]
[BlackElo "2985"]
[TimeControl "180+2"]
[EndTime "14:34:51 PDT"]
[Termination "Zubrrr won by resignation"]

1. c4 Nf6 2. g3 g6 3. Bg2 c6 4. Nc3 d5 5. d4 dxc4 6. Nf3 Bg7 7.
e3 b5 8. Ne5 Nd5 9. Nxc6 Nxc6 10. Bxd5 Bb7 11. Qf3 Kd7 12. Qxf7 Bf6 13. Ne4 Kc8 14.
Qe6+ Kc7 15. Nxf6 exf6 16. Qf7+ Qd7 17. Qxd7+ Kxd7 18. Bd2 Rhe8 19. O-O Nd8 20. Bxb7 Nxb7 21. a4 a6 22. Ra3 Nd6 23. Rfa1 Ne4 24. Be1 Reb8 25.
axb5 Rxb5 26. f3 Ng5 27. Bc3 Nxf3+ 28. Kg2 Ng5 29. Rxa6 Rxa6 30. Rxa6 f5 31. Ra4 Rb8 32. Rxc4 Re8 33. h4 Ne4 34. Be1 Nf6 35. Bf2 Rb8 36.
Rc2 Rb3 37. Kf3 h6 38. Be1 Nd5 39. Bd2 g5 40. hxg5 hxg5 41. Ke2 g4 42. Bc1 Kd6 43. Rc5 Rb8 44. Ra5 Rc8 45. Bd2 Rc2 46. Rb5 Rc7 47. Kd3 Rh7 48. e4 fxe4+ 49. Kxe4 Re7+ 50. Kd3 Rf7 51.
Kc4 Ne7 52. Bb4+ Kc6 53. d5+ Kc7 54. d6+ 1-0

[Event "*** Titled Tuesday Blitz"]
[Site "Chess.com"]
[Date "2019.06.04"]
[Round "7"]
[White "Shivagami"]
[Black "gemarin"]
[Result "0-1"]
[WhiteElo "2081"]
[BlackElo "2064"]
[TimeControl "180+2"]
[EndTime "14:34:58 PDT"]
[Termination "gemarin won by resignation"]

1. d4 d5 2. Bf4 c6 3. e3 Qb6 4. Qc1 Bf5 5. c4 dxc4 6. Bxc4 Nf6 7. Nd2 e6 8. Ngf3 Nbd7 9. O-O h6 10. Re1 Ne4 11.
Nxe4 Bxe4 12. Nd2 Bg6 13. Qc3 Be7 14. e4 O-O 15. Rad1 Rfd8 16. a3 Nf6 17. Be5 Ng4 18.
Nf3 c5 19. d5 Nxe5 20. Nxe5 Bf6 21. f4 exd5 22. exd5 Qd6 23. Qg3 Bf5 24. Bb3 b5 25. a4 a6 26. axb5 axb5 27. Nc6 Re8 28. Rxe8+ Rxe8 29. Re1 Rxe1+ 30. Qxe1 c4 31. Qe8+ Kh7 32. Bd1 Qxd5 33. Bf3 Qc5+ 34. Kf1 Bd3+ 35. Ke1 Qg1+ 36. Kd2 Qf2+ 37. Kd1 Qc2+ 38. Ke1 Qc1+ 39. Kf2 Qxf4 40. Qxf7 Bd4+ 0-1

[Event "*** Titled Tuesday Blitz"]
[Site "Chess.com"]
[Date "2019.06.04"]
[Round "7"]
[White "BillieKimbah"]
[Black "Vuk2000"]
[Result "1-0"]
[WhiteElo "2803"]
[BlackElo "2723"]
[TimeControl "180+2"]
[EndTime "14:35:00 PDT"]
[Termination "BillieKimbah won by checkmate"]

1. c4 e5 2. Nc3 Nc6 3. Nf3 g6 4. d4 exd4 5. Nxd4 Bg7 6. Nxc6 bxc6 7. g3 Ne7 8. Bg2 O-O 9. O-O Rb8 10. Qd2 d6 11. b3 c5 12. Bb2 Bb7 13. Bxb7 Rxb7 14. Ne4 Nc6 15. Rad1 Qe7 16. Nc3 Qe6 17. e3 Ne5 18.
Kg2 Re8 19. Ba1 Qf5 20. f3 h5 21. Nd5 h4 22. e4 h3+ 23. Kh1 Qh5 24. g4 Qh8 25.
Qf2 Qh6 26. Qg3 g5 27. Ne3 Qh7 28. Nf5 Bf6 29. f4 gxf4 30. Qxf4 Re6 31. Nh6+ Kf8 32. Bxe5 Rxe5 33. Qxf6 Qxe4+ 34. Rf3 c6 35. Nxf7 Re6 36.
Qh8+ Ke7 37. Qd8# 1-0

[Event "*** Titled Tuesday Blitz"]
[Site "Chess.com"]
[Date "2019.06.04"]
[Round "7"]
[White "KazakhFighter04"]
[Black "Swarnapuri"]
[Result "0-1"]
[WhiteElo "2626"]
[BlackElo "2709"]
[TimeControl "180+2"]
[EndTime "14:35:03 PDT"]
[Termination "Swarnapuri won by resignation"]

1. e4 Nc6 2. d4 e5 3. dxe5 Nxe5 4. Nd2 Bc5 5. Be2 Nf6 6. Ngf3 Neg4 7. O-O Nxf2 8. Rxf2 Ng4 9. Nb3 Bxf2+ 10. Kf1 Bb6 11. Nfd4 Qf6+ 12. Kg1 Qf2+ 13. Kh1 Qxd4 14. Qxd4 Bxd4 15.
Nxd4 Nf2+ 16. Kg1 Nxe4 17. Bf3 Nc5 18. Nf5 Ne6 19. Bd2 g6 20. Bc3 Rf8 21. Ng7+ Ke7 22. Re1 d6 23. g4 c6 24. g5 Rg8 25. Bf6+ Kd7 26. Nxe6 fxe6 27. h4 e5 28. h5 Kc7 29.
h6 Bf5 30. c3 Rge8 31. Kf2 Re6 32. Kg3 Rf8 33. Bg7 Rf7 34. Bd1 Ree7 35. Bf6 Rxf6 36. gxf6 Rf7 37. Kh4 Rxf6 38. Kg5 Re6 39. c4 e4 40. Bc2 d5 41. cxd5 cxd5 42. Bb3 Kd6 43. Rd1 Re5 44. Kf6 e3 45. Kg7 Re7+ 46. Kf6 Be4 0-1

[Event "*** Titled Tuesday Blitz"]
[Site "Chess.com"]
[Date "2019.06.04"]
[Round "7"]
[White "CookiesAndIceCream"]
[Black "guillembaches"]
[Result "0-1"]
[WhiteElo "2367"]
[BlackElo "2305"]
[TimeControl "180+2"]
[EndTime "14:35:06 PDT"]
[Termination "guillembaches won on time"]

1. e4 c5 2. Nf3 d6 3. d4 cxd4 4. Nxd4 Nf6 5. Nc3 Nc6 6. Bg5 e6 7. Qd2 h6 8. Be3 Ng4 9. Nxc6 bxc6 10. Bf4 Qb6 11. Na4 Qb8 12. f3 e5 13. fxg4 exf4 14.
Bc4 Be7 15. O-O O-O 16. Qxf4 d5 17. Qxb8 Rxb8 18. exd5 cxd5 19. Bxd5 Bxg4 20. Bb3 Bf6 21.
Rae1 Rfc8 22. Rxf6 gxf6 23. Re7 Be6 24. Bxe6 fxe6 25.
Rxe6 Rxc2 26. Rxf6 Rb4 27. b3 Rxa2 28. Nc5 Rc2 29. Ne6 Rxb3 30. h3 Rbb2 31. Nf4 a5 32. Rxh6 a4 33. Ra6 Rb4 34. Nd5 Rd4 35. Nb6 Ra2 36.
Kh2 a3 37. Na4 Rdd2 38. Nc3 Rxg2+ 39. Kh1 Rac2 40. Rxa3 Rgd2 0-1

[Event "*** Titled Tuesday Blitz"]
[Site "Chess.com"]
[Date "2019.06.04"]
[Round "7"]
[White "IIIlllII1llIl"]
[Black "LazovT"]
[Result "0-1"]
[WhiteElo "2751"]
[BlackElo "2606"]
[TimeControl "180+2"]
[EndTime "14:35:09 PDT"]
[Termination "LazovT won by resignation"]

1. e4 c5 2. c3 Nc6 3. d4 d6 4. d5 Nb8 5. c4 g6 6. Nc3 Bg7 7. Bd3 e6 8. h3 Nf6 9. Nf3 exd5 10. cxd5 O-O 11. O-O a6 12. a4 Nbd7 13. Bf4 Ne8 14. Nd2 Ne5 15. Bxe5 Bxe5 16. Nc4 Bg7 17. f4 Rb8 18. a5 Qh4 19. Qf3 Bd7 20. Nb6 Bd4+ 21. Kh2 Nf6 22. Nxd7 Nxd7 23. Rab1 b5 24.
axb6 Rxb6 25. Ne2 Bxb2 26. g3 Qe7 27. g4 Re8 28. Ng3 a5 29. Bc2 Bg7 30. Ba4 Rb4 31. Bc6 Reb8 32. Rbe1 Rb2+ 33. Kh1 Qh4 34. Nf5 gxf5 35.
gxf5 R8b3 36. Re3 Rxe3 37. Qxe3 Bd4 38. Qf3 Nf6 39. e5 dxe5 40. d6 e4 41. d7 exf3 42.
d8=Q+ Kg7 0-1

[Event "*** Titled Tuesday Blitz"]
[Site "Chess.com"]
[Date "2019.06.04"]
[Round "7"]
[White "hellokostya"]
[Black "Caterpiller35"]
[Result "1-0"]
[WhiteElo "2536"]
[BlackElo "2434"]
[TimeControl "180+2"]
[EndTime "14:35:11 PDT"]
[Termination "hellokostya won on time"]

1. d4 Nf6 2. c4 e6 3. Nf3 Bb4+ 4. Nbd2 O-O 5. a3 Bxd2+ 6. Qxd2 b6 7. e3 Bb7 8. Be2 a5 9. b3 d6 10. Bb2 Nbd7 11. O-O Ne4 12. Qc2 f5 13. d5 e5 14.
Nd2 Nxd2 15. Qxd2 Nc5 16. Qc2 Qe8 17. f3 Bc8 18. b4 Na4 19. Bc1 Bd7 20. Bd2 h6 21.
Kh1 Qg6 22. Rg1 e4 23. f4 Kh7 24. Rab1 Rfb8 25. h3 Qg3 26. Qc1 axb4 27. axb4 b5 28. c5 Qh4 29. c6 Be8 30. Be1 Qf6 31. g4 Bf7 32. g5 Qe7 33. Bh4 g6 34. Qe1 Bxd5 35.
gxh6 Qf7 36. Qg3 Nb6 37. Bg5 Nc4 38. h4 Ra2 39. Rg2 Rba8 40. h5 R8a3 41. Qh4 Rxe3 42. hxg6+ Qxg6 43. Bh5 1-0

[Event "*** Titled Tuesday Blitz"]
[Site "Chess.com"]
[Date "2019.06.04"]
[Round "7"]
[White "akretchetov"]
[Black "Rumpel-VK"]
[Result "0-1"]
[WhiteElo "2362"]
[BlackElo "2586"]
[TimeControl "180+2"]
[EndTime "14:35:11 PDT"]
[Termination "Rumpel-VK won by resignation"]

1. Nf3 d5 2. d4 a6 3. c4 dxc4 4. e3 Bg4 5. h3 Bh5 6. Bxc4 e6 7. O-O Nf6 8. Be2 Nc6 9. b3 Bd6 10. Bb2 O-O 11. Nbd2 Qe7 12. Nc4 Rfd8 13. Nxd6 cxd6 14. Rc1 Rac8 15. Ba3 Qc7 16. Qe1 Qb6 17. Nd2 Bxe2 18.
Qxe2 d5 19. Bc5 Qc7 20. a4 b6 21. Ba3 Qb7 22. Qd3 h6 23. Rc2 Na7 24. Rfc1 Rxc2 25. Rxc2 Rc8 26. Nf3 Nd7 27. Qd1 Rxc2 28. Qxc2 Qc6 29.
Qxc6 Nxc6 30. Nd2 f6 31. Kf1 Kf7 32. Ke2 g5 33. Kd3 f5 34. f3 e5 35. dxe5 Ndxe5+ 36. Kc3 Ke6 37. Bf8 h5 38. Bh6 g4 39. hxg4 fxg4 40.
Bf4 gxf3 41. Nxf3 Nxf3 42. gxf3 d4+ 43. exd4 Kd5 44. Bc7 b5 45. axb5 axb5 46. Bg3 Nxd4 47. f4 Ne2+ 0-1

[Event "*** Titled Tuesday Blitz"]
[Site "Chess.com"]
[Date "2019.06.04"]
[Round "7"]
[White "fish7728"]
[Black "Haykos"]
[Result "0-1"]
[WhiteElo "2235"]
[BlackElo "2542"]
[TimeControl "180+2"]
[EndTime "14:35:12 PDT"]
[Termination "Haykos won by resignation"]

1. d4 d5 2. c4 dxc4 3. Nf3 Nf6 4. e3 Bg4 5. Bxc4 e6 6. h3 Bh5 7. Nbd2 Nbd7 8. O-O c5 9. dxc5 Bxc5 10. b3 O-O 11.
Bb2 a6 12. a4 Qe7 13. Rc1 Rac8 14. Be2 Rfd8 15. Qc2 Bg6 16. Bd3 Bxd3 17. Qxd3 Ne5 18. Qb1 Nd3 19. Rc2 Nxb2 20. Qxb2 Ba3 21. Qb1 h6 22.
Nc4 Bb4 23. Rfc1 Nd5 24. Qa1 b5 25. Nce5 Bc3 26. Qb1 b4 27. Nd4 f6 28. Nec6 Qd6 29. Nxd8 Rxd8 30. Nf3 a5 31. Rd1 Rc8 32. Re2 Qa6 33.
Qd3 Qc6 34. e4 Nf4 35. Qd7 Nxe2+ 36. Kf1 Qxd7 37. Rxd7 Nf4 38. g3 Ng6 39. Ra7 Ne5 40. Nxe5 Bxe5 41. Rxa5 Rc3 0-1

[Event "*** Titled Tuesday Blitz"]
[Site "Chess.com"]
[Date "2019.06.04"]
[Round "7"]
[White "LonesomeGeorge1"]
[Black "x-5963514717"]
[Result "1/2-1/2"]
[WhiteElo "2387"]
[BlackElo "2500"]
[TimeControl "180+2"]
[EndTime "14:35:16 PDT"]
[Termination "Game drawn - insufficient material"]

1. e4 e5 2. Nf3 Nc6 3. Bb5 a6 4. Ba4 Nge7 5. Bb3 Ng6 6. h4 Be7 7. d4 Nxd4 8. Nxd4 exd4 9. h5 Ne5 10. Qxd4 Bf6 11. Qe3 d6 12. Nc3 c6 13. Bd2 h6 14.
Qg3 Qe7 15. O-O-O Be6 16. f4 Bxb3 17. axb3 Nd7 18. Rde1 O-O 19. e5 dxe5 20. fxe5 Bg5 21. Bxg5 Qxg5+ 22. Qxg5 hxg5 23. e6 fxe6 24. Rxe6 Rae8 25.
Rd6 Nf6 26. h6 gxh6 27. Rxh6 Kg7 28. Rh1 Rd8 29. Rhd1 Rxd6 30. Rxd6 Rh8 31. Kd1 Rh2 32. Rd2 Kg6 33. Ke1 Kf5 34. Kf2 Rh8 35. Re2 Rd8 36. Na4 Ne4+ 37. Ke3 b5 38. g4+ Kxg4 39. Kxe4 Re8+ 40.
Kd3 Rxe2 41. Kxe2 bxa4 42. bxa4 Kh3 43. Kf2 g4 44. Kg1 Kg3 45. b4 Kf4 46. c4 Ke5 47. b5 cxb5 48. cxb5 axb5 49. axb5 Kd6 50. Kg2 Kc5 51. Kg3 Kxb5 52. Kxg4 1/2-1/2

[Event "*** Titled Tuesday Blitz"]
[Site "Chess.com"]
[Date "2019.06.04"]
[Round "7"]
[White "FMJoseHerrera"]
[Black "SARGISMV"]
[Result "1-0"]
[WhiteElo "2614"]
[BlackElo "2425"]
[TimeControl "180+2"]
[EndTime "14:35:16 PDT"]
[Termination "FMJoseHerrera won by resignation"]

1. Nf3 Nf6 2. g3 g6 3. Bg2 Bg7 4. d3 O-O 5. Nc3 d6 6. h4 Bg4 7. Nh2 Bd7 8. Nf3 h5 9. Bg5 c5 10. Qd2 Bc6 11. Bh6 Nbd7 12. Bxg7 Kxg7 13. e4 b5 14. O-O b4 15. Ne2 Ng4 16. Ng5 Qb6 17.
Nf4 Nde5 18. c3 bxc3 19. bxc3 Qa6 20. d4 cxd4 21. cxd4 Nc4 22. Qd3 Qa4 23. Nxh5+ gxh5 24. e5 Rh8 25. Rfc1 d5 26. Qf5 Raf8 27. Nh3 f6 28.
Nf4 Be8 29. Ne6+ Kh6 30. Nxf8 Rxf8 31. Bxd5 Nb6 32. Be4 Rh8 33. exf6 exf6 34. Qf4+ Kg7 35. Rc7+ Nd7 36. Re1 Qxd4 37. Qf5 Rh6 38. Bg2 Ne5 39. Qf4 Bg6 40. Qxd4 1-0

[Event "*** Titled Tuesday Blitz"]
[Site "Chess.com"]
[Date "2019.06.04"]
[Round "7"]
[White "Vusatiuk_Vladimir"]
[Black "Komissarov_alex"]
[Result "1-0"]
[WhiteElo "2211"]
[BlackElo "2101"]
[TimeControl "180+2"]
[EndTime "14:35:16 PDT"]
[Termination "Vusatiuk_Vladimir won on time"]

1. e4 e5 2. Nf3 Nc6 3. d4 exd4 4. Nxd4 Nf6 5. Nxc6 bxc6 6. e5 Qe7 7. Qe2 Nd5 8.
h4 a5 9. c4 Ba6 10. Bg5 f6 11. exf6 Nxf6 12. Bxf6 gxf6 13. Nc3 Rb8 14. b3 Qxe2+ 15.
Bxe2 Bb4 16. Kd2 d5 17. Kc2 dxc4 18. bxc4 Bc5 19. Ne4 Bd4 20. Rab1 Kf7 21. Rhd1 c5 22. f3 Rhe8 23. Bd3 Rb4 24. Rxb4 axb4 25. Ng3 Bb7 26.
h5 Bc6 27. Kb1 Ba4 28. Rh1 b3 29.
axb3 Bxb3 30. Nf5 Ra8 31. Nxd4 cxd4 32. Bxh7 1-0

[Event "*** Titled Tuesday Blitz"]
[Site "Chess.com"]
[Date "2019.06.04"]
[Round "7"]
[White "olksuna"]
[Black "Fins0905"]
[Result "1-0"]
[WhiteElo "2499"]
[BlackElo "2657"]
[TimeControl "180+2"]
[EndTime "14:35:17 PDT"]
[Termination "olksuna won by resignation"]

1. c4 c6 2. Nf3 d5 3. e3 Nf6 4. b3 Bf5 5. Bb2 e6 6. g3 Na6 7. a3 dxc4 8. Bxc4 Bh3 9. Nc3 Nc7 10.
Ng5 Bg2 11. Rg1 Bd5 12. Qc2 h6 13. Nge4 Be7 14. g4 b5 15. Be2 Qd7 16. h4 O-O-O 17.
d4 Nxe4 18. Nxe4 Bxe4 19. Qxe4 Bxh4 20. Rc1 Kb7 21. Bf3 Nd5 22. Ke2 Rhe8 23. Rc2 Bg5 24. Rgc1 Rc8 25. a4 a6 26. axb5 axb5 27. Qd3 f5 28. Ba3 fxg4 29. Bxg4 Be7 30. Bxe7 Rxe7 31. Rc5 Qd6 32. Bf3 Kb6 33. Qd2 Ra7 34. R1c2 Ra3 35. Bxd5 exd5 36. Qb4 Rca8 37. Rxb5+ Kc7 38. Rb7+ 1-0

[Event "*** Titled Tuesday Blitz"]
[Site "Chess.com"]
[Date "2019.06.04"]
[Round "7"]
[White "LuisFSiles"]
[Black "Filip_Covic"]
[Result "0-1"]
[WhiteElo "2170"]
[BlackElo "2372"]
[TimeControl "180+2"]
[EndTime "14:35:19 PDT"]
[Termination "Filip_Covic won by resignation"]

1. e4 c5 2. Nf3 Nf6 3. e5 Nd5 4. c3 Nc6 5. d4 e6 6. Bc4 d6 7. O-O Be7 8. Qe2 cxd4 9. cxd4 O-O 10. Bd2 Qb6 11. Bc3 Nxc3 12. bxc3 dxe5 13. dxe5 Rd8 14. Nbd2 Qc7 15. Rfe1 Na5 16. Rad1 b6 17. Bd3 Bb7 18. Ne4 h6 19. Qe3 Nc4 20. Bxc4 Qxc4 21. Nd6 Bxd6 22. exd6 Rac8 23. Ne5 Qxc3 24. Qf4 f6 25. Ng6 e5 26. Ne7+ Kf7 27. Qg4 Rc4 28. Qh5+ Kf8 29. Ng6+ Kg8 30. Ne7+ Kh8 31. Qf7 Rg4 32. g3 Qf3 33. Nd5 Re4 34. d7 Rxe1+ 35. Rxe1 Bxd5 36. Kf1 Bxf7 37. Re3 Qd1+ 0-1

[Event "*** Titled Tuesday Blitz"]
[Site "Chess.com"]
[Date "2019.06.04"]
[Round "7"]
[White "lachesisQ"]
[Black "HansCoolNiemann"]
[Result "1-0"]
[WhiteElo "3056"]
[BlackElo "2703"]
[TimeControl "180+2"]
[EndTime "14:35:20 PDT"]
[Termination "lachesisQ won by checkmate"]

1. e4 e6 2. d4 d5 3. Nc3 Nf6 4.
e5 Nfd7 5. f4 c5 6. Nf3 Nc6 7. Be3 cxd4 8. Nxd4 Bc5 9. Qd2 O-O 10.
O-O-O Bxd4 11. Bxd4 a6 12. h4 b5 13. h5 b4 14. Ne2 a5 15. f5 Ndxe5 16. h6 g6 17. fxg6 fxg6 18. Ng1 Nxd4 19. Qxd4 Qg5+ 20. Kb1 Qf4 21. Qc5 Qxf1 22. Nf3 Qc4 23. Qe7 Rf7 24. Qe8+ Rf8 25. Qe7 Nf7 26. Ng5 Qf4 27. Nxh7 Ba6 28. Nxf8 Rxf8 29. Qxe6 Qd6 30. Qxd6 Nxd6 31. Rxd5 Nf5 32.
h7+ Kh8 33. Rxa5 Bb7 34. Rb5 Bxg2 35. Rg1 Ne3 36. Rxb4 Rf2 37. a4 Nxc2 38. Rh4 g5 39. Rg4 Ne3 40. Rxg5 Be4+ 41. Ka2 Bd5+ 42. Ka1 Bb3 43.
Rg8+ Kxh7 44. R8g3 Nc2+ 45. Kb1 Bd5 46. Rh3# 1-0

[Event "*** Titled Tuesday Blitz"]
[Site "Chess.com"]
[Date "2019.06.04"]
[Round "7"]
[White "KRASAVCHIK2002"]
[Black "GremioPrudente"]
[Result "1/2-1/2"]
[WhiteElo "2296"]
[BlackElo "2143"]
[TimeControl "180+2"]
[EndTime "14:35:21 PDT"]
[Termination "Game drawn by repetition"]

1. d4 d5 2. Bg5 c6 3. Nf3 Qb6 4. b3 Bf5 5. c3 Nd7 6. e3 e6 7. Nbd2 Ngf6 8. Be2 h6 9. Bh4 Bd6 10. Bg3 Qc7 11. O-O O-O 12. c4 Bxg3 13. hxg3 Ne4 14.
Nxe4 Bxe4 15. Rc1 Rfd8 16. Bd3 Bxd3 17. Qxd3 dxc4 18. bxc4 Qd6 19. Qb3 Rab8 20. Rfd1 Qe7 21. d5 exd5 22. cxd5 cxd5 23. Qxd5 Nf6 24. Qb3 b6 25. a4 Rxd1+ 26. Rxd1 Qc5 27. Nd4 Rd8 28. Nb5 Rxd1+ 29. Qxd1 a6 30. Nd4 b5 31. axb5 axb5 32. f3 b4 33. Qb3 Nd5 34. Kf2 Nc3 35. g4 g6 36. Nc2 Nd5 37. Nd4 Nc3 38. Ne2 Kg7 39.
Nd4 Nd5 40. Qb2 Nc3 41. Qd2 Kg8 42. Qd3 Nd5 43. Qb3 Nc3 1/2-1/2

[Event "*** Titled Tuesday Blitz"]
[Site "Chess.com"]
[Date "2019.06.04"]
[Round "7"]
[White "SergeiAza"]
[Black "Durarbayli"]
[Result "0-1"]
[WhiteElo "2763"]
[BlackElo "2762"]
[TimeControl "180+2"]
[EndTime "14:35:23 PDT"]
[Termination "Durarbayli won by resignation"]

1. e4 c5 2. Nf3 e6 3. d4 cxd4 4. Nxd4 Qb6 5. Nb3 Nc6 6. Be2 Bb4+ 7. Nc3 Nf6 8. Be3 Qc7 9. Bd3 d5 10. exd5 Nxd5 11. Bd2 Nxc3 12. bxc3 Qe5+ 13. Kf1 Bxc3 14. Bxc3 Qxc3 15. h4 e5 16. Rb1 O-O 17. Qf3 Kh8 18.
h5 h6 19. Rh4 Be6 20. Kg1 f5 21. Qe3 b6 22. Bf1 Qxe3 23. fxe3 Rac8 24. a4 e4 25. Rf4 Rc7 26. Bb5 Bxb3 27. cxb3 Nb4 28. Rbf1 Rcf7 29. Bc4 Rf6 30. Rd1 Nc6 31. Rd7 a5 32.
Rd5 Ne7 33. Re5 Nc6 34. Rb5 Ne7 35. Kh2 g5 36. hxg6 Nxg6 37. Rf2 Kg7 38. Rd5 h5 39. Rfd2 Kh6 40. Rd7 Ne5 41. R2d6 Nxd7 42. Rxd7 f4 0-1